 Dungeon Crawl Stone Soup version 0.20.1-1-g8b1a95d (webtiles) character file.

554553 slacker the Axe Maniac (level 25, 0/247 HPs)
             Began as a Minotaur Berserker on July 31, 2017.
             Was a High Priest of Trog.
             Killed from afar by a starcursed mass (7 damage)
             ... with an accursed screaming
             ... on level 3 of the Abyss on Aug 7, 2017.
             The game lasted 04:04:36 (64267 turns).

slacker the Axe Maniac (Minotaur Berserker)        Turns: 64267, Time: 04:04:36

Health: 0/247      AC: 35    Str: 34    XL:     25   Next: 65%
Magic:  29/29      EV: 26    Int:  1    God:    Trog [*****.]
Gold:   1506       SH:  0    Dex: 24    Spells: 26/26 levels left

rFire    + . .     SeeInvis +   b - +5 executioner's axe (vamp)
rCold    + . .     Gourm    .   (shield currently unavailable)
rNeg     + + +     Faith    .   U - +1 gold dragon scales
rPois    +         Spirit   .   q - +2 hat
rElec    +         Reflect  .   (no cloak)
rCorr    +         Harm     .   N - +1 pair of gloves {Str+3}
MR       ++...     Rnd*Rage +   B - +2 pair of boots {run}
Stlth    ..........             R - necklace of Bloodlust {*Rage +Rage MR++ Int-3 Slay+6 *Curse} (curse)
Regen    0.6/turn               P - ring of Hesintanoa {rElec rN+++ MR- Str+2 SInv}
MPRegen  0.3/turn               A - ring of Okoso {rCorr Str+5 Dex+4 Stlth-}

@: quick
A: retaliatory headbutt, horns 2, poison resistance, no potion heal 1
}: 2/15 runes: decaying, serpentine
a: Berserk, Trog's Hand, Brothers in Arms, Burn Spellbooks, Renounce Religion,
Evoke Berserk Rage


You were on level 3 of the Abyss.
You worshipped Trog.
Trog was extremely pleased with you.
You were near starving.

You visited 9 branches of the dungeon, and saw 44 of its levels.
You visited the Abyss 1 time.
You visited 2 bazaars.
You also visited: Ice Cave and Wizlab.

You collected 6050 gold pieces.
You spent 4544 gold pieces at shops.

Inventory:

Hand Weapons
 a - a +9 executioner's axe of flaming
 b - a +5 vampiric executioner's axe (weapon)
 M - the +5 battleaxe "Peshef" {chop, *Contam rPois rC+ Str+8, unknown}
   (Trog gifted it to you on level 3 of the Abyss)

   It inflicts extra damage upon your enemies.
   It affects your strength (+8).
   It protects you from cold.
   It protects you from poison.
   It causes magical contamination when unequipped.
Armour
 q - a +2 hat (worn)
 B - a +2 pair of boots of running (worn)
 N - a +1 pair of gloves of strength (worn)
 U - +1 gold dragon scales (worn)
Jewellery
 d - the ring of Dyahoyna {MR+ AC+3 Dex+6}
   (You found it on level 7 of the Dungeon)

   [ring of protection]

   It affects your AC (+3).
   It affects your dexterity (+6).
   It affects your resistance to hostile enchantments.
 r - the ring "Vosesukk" {MR+ MP+9 Str+4}
   (You bought it in a shop on level 7 of the Dungeon)

   [ring of magical power]

   It affects your strength (+4).
   It affects your resistance to hostile enchantments.
   It affects your magic capacity (+9).
 y - an uncursed ring of protection from fire
 A - the ring of Okoso (right hand) {rCorr Str+5 Dex+4 Stlth-}
   (You acquired it in a bazaar)

   [ring of resist corrosion]

   It affects your strength (+5).
   It affects your dexterity (+4).
   It makes you less stealthy.
 J - an uncursed ring of protection from cold
 P - the ring of Hesintanoa (left hand) {rElec rN+++ MR- Str+2 SInv}
   (You took it off a vault sentinel on level 1 of the Vaults)

   [ring of see invisible]

   It affects your strength (+2).
   It insulates you from electricity.
   It renders you almost immune to negative energy.
   It affects your resistance to hostile enchantments.
   It lets you see invisible.
 R - the cursed necklace of Bloodlust (around neck) {*Rage +Rage MR++ Int-3 Slay+6 *Curse}
   (You bought it in a shop in a bazaar)

   [amulet of rage]

   It affects your intelligence (-3).
   It affects your accuracy and damage with ranged weapons and melee attacks
   (+6).
   It affects your resistance to hostile enchantments.
   It lets you go berserk.
   It may make you go berserk in combat.
   It curses itself when equipped.
   It has a curse placed upon it.
Wands
 g - a wand of acid (5/15)
 h - a wand of scattershot (6/9)
 z - a wand of iceblast (14/15)
 Z - a wand of digging (17/24)
Scrolls
 k - 7 scrolls of fear
 m - 8 scrolls of blinking
 n - 2 scrolls of summoning
 s - a scroll of silence
 t - 21 scrolls of remove curse
 u - 16 scrolls of teleportation
 v - 3 scrolls of fog
 w - 2 scrolls of magic mapping
 D - 5 scrolls of identify
 L - 3 scrolls of immolation
 Q - a scroll of holy word
 S - 2 scrolls of recharging
 X - a scroll of torment
Potions
 e - 6 potions of mutation
 f - 12 potions of curing
 i - 5 potions of might
 j - 12 potions of flight
 o - 7 potions of lignification
 O - 3 potions of agility
 V - 2 potions of resistance
 W - 2 potions of haste
 Y - 5 potions of cancellation
Miscellaneous
 l - a sack of spiders
 p - 4 boxes of beasts
 x - a phial of floods
 C - a lamp of fire
 E - 2 phantom mirrors
 G - a fan of gales
 K - a lightning rod (4/4)
Comestibles
 c - 18 bread rations
 H - 3 royal jellies
 I - 15 fruits
 T - 6 meat rations


   Skills:
 + Level 24.6 Fighting
 O Level 27 Axes
 + Level 24.5 Armour
 + Level 22.7 Dodging
 - Level 1.3 Spellcasting
 - Level 10.0 Evocations


You had 26 spell levels left.
You didn't know any spells.

Dungeon Overview and Level Annotations

Branches:
Dungeon (15/15)            Temple (1/1) D:5            Lair (6/6) D:10
  Swamp (4/4) Lair:4        Snake (4/4) Lair:2        Slime (0/5) Lair:6
    Orc (2/2) D:9             Elf (3/3) Orc:2        Vaults (4/5) D:13
  Crypt (0/3) Vaults:3     Depths (5/5) D:15            Zot (0/5) Depths:5

Altars:
Ashenzari
Cheibriados
Dithmenos
Elyvilon
Fedhas
Gozag
Hepliaklqana
Kikubaaqudgha
Makhleb
Nemelex Xobeh
Okawaru
Qazlal
Ru
Sif Muna
Trog
Uskayaw
Vehumet
Xom
Yredelemnul
Zin
The Shining One
Beogh
Jiyva

Shops:
D:5 (   D:6 ?   D:7 *   Orc:2 [[(=*   Elf:1 (   Elf:2 !   Snake:1 }}=
Vaults:1 ?   Vaults:3 *   Vaults:4 !   Depths:2 %   Depths:5 !

Portals:
Hell: Depths:1 Depths:2 Depths:3 Depths:4 Depths:5
Abyss: Depths:2 Depths:4
Pandemonium: Depths:3 Depths:4
Ziggurat: Depths:1


Innate Abilities, Weirdness & Mutations

You reflexively headbutt those who attack you in melee.
You have a pair of horns on your head.
Your system is resistant to poisons. (rPois)
Potions are less effective at restoring your health.


Message History

A starcursed mass splits.
You open the starcursed mass like a pillowcase!!!
You destroy the starcursed mass!
Trog accepts your kill. A chorus of shrieks assaults your mind.
* * * LOW HITPOINT WARNING * * *
You are near starving!
You slash the starcursed mass!
You destroy the starcursed mass!
Trog accepts your kill.
You hit the starcursed mass.
You headbutt the starcursed mass, but do no damage.
The starcursed mass is heavily damaged.
The starcursed mass shudders and withdraws towards its neighbour.
You see here 6 curare-tipped needles.
You slice the starcursed mass!!
You destroy the starcursed mass!
Trog accepts your kill.
The starcursed mass shrieks in your mind.
You die...

#.#.. ........## .
............#### .
#.............# #
.#
............#...#
........##...#.#
.#
##.....##....##...
#..............# .
#.#.............#
#.......@.......#
#.###.##...##.#.#.
# #. #...# ..## .#
#..#.# # # ..
.####X. .#. ## ...
.. ... ...


You could see a starcursed mass.

Vanquished Creatures
  Mennas (Vaults:2)
  An ancient lich (WizLab)
  Boris (Depths:4)
  Saint Roka (Depths:4)
  The ghost of Monsterracer the Slayer, a veteran BaFi of Ru (Depths:1)
  Bai Suzhen (Depths:2)
  3 golden dragons
  3 bone dragons
  A profane servitor (Abyss:3)
  Jorgrun (Depths:5)
  A hellephant (Abyss:3)
  Rupert (Lair:5)
  8 liches
  2 titans (Depths:2)
  3 deep elf blademasters
  A quicksilver dragon (Depths:2)
  Asterion (Snake:3)
  A deep elf master archer (Elf:3)
  Gastronok (D:8)
  2 shadow dragons
  An ancient champion (WizLab)
  Agnes (Elf:2)
  7 tentacled starspawn (Abyss:3)
  2 thorn hunters
  8 sphinxes
  3 tengu reavers
  A storm dragon (Depths:5)
  8 nagarajas
  A daeva (Abyss:3)
  7 deep elf sorcerers
  10 frost giants
  12 fire giants
  12 vault wardens
  A cacodemon (Abyss:3)
  An iron dragon (Depths:2)
  An angel (Abyss:3)
  4 deep elf elementalists (Elf:3)
  An orc warlord (Orc:2)
  24 very ugly things
  2 draconian stormcallers
  3 spriggan defenders
  2 draconian shifters
  A juggernaut zombie (Depths:2)
  A war gargoyle (Vaults:1)
  26 stone giants
  13 ironheart preservers
  4 entropy weavers
  A green draconian (Depths:5)
  A lorocyproca (Depths:3)
  2 deep elf demonologists
  A vampire knight (Depths:2)
  2 yellow draconians (Depths:5)
  A black draconian (Depths:5)
  2 spark wasps (Depths:2)
  3 dire elephants
  9 deep elf annihilators (Elf:3)
  A green death (Abyss:3)
  12 ettins
  A blizzard demon (Abyss:3)
  13 yaktaur captains
  4 deep elf death magi (Elf:3)
  13 fire dragons
  Josephine (D:15)
  7 deep elf high priests
  9 great orbs of eyes
  Fannar (Lair:1)
  8 ice dragons
  23 naga warriors
  Harold (Orc:1)
  10 rakshasas
  2 ghost crabs
  A vault guard (Vaults:2)
  27 hydras
  13 anacondas
  5 death knights
  6 spriggan air magi
  3 catoblepae
  Erica (D:8)
  9 deep troll shamans
  11 centaur warriors
  25 dancing weapons
  9 thrashing horrors (Abyss:3)
  8 alligators
  4 tengu warriors
  6 spriggan berserkers
  47 two-headed ogres
  14 naga sharpshooters
  5 death yaks
  Urug (Lair:3)
  17 ogre magi
  7 deep troll earth magi
  4 orc high priests
  15 deep elf knights
  A vampire mage (Depths:2)
  2 soul eaters
  A storm dragon zombie (Depths:2)
  A hell knight (Abyss:3)
  Sonja (Lair:1)
  10 wretched stars (Abyss:3)
  8 shock serpents
  3 iron trolls
  8 salamander mystics
  3 sixfirhies
  6 skeletal warriors (WizLab)
  A sun demon (Depths:4)
  The ghost of Shiggs the Cleaver, a novice FoFi of Ashenzari (D:7)
  3 spatial maelstroms (Abyss:3)
  4 shadow wraiths
  4 spriggan druids
  31 deep trolls
  6 unseen horrors
  8 swamp dragons
  3 flayed ghosts
  5 glowing orange brains
  8 wizards
  14 naga ritualists
  3 shambling mangroves
  4 wolf spiders
  18 harpies
  6 lindwurms
  13 ironbrand convokers
  17 orc knights
  Pikel (D:6)
  19 deep elf archers
  4 necromancers
  12 mana vipers
  The ghost of bli the Slasher, a novice FoAK of Lugonu (D:12)
  60 deep elf magi
  A harpy (shapeshifter) (Depths:3)
  7 orc sorcerers
  A faun (shapeshifter) (Depths:4)
  A sphinx zombie (Depths:2)
  A cyclops (shapeshifter) (Elf:3)
  41 ugly things
  6 manticores
  A shining eye (Abyss:3)
  21 salamanders
  8 cyclopes
  6 worldbinders (Abyss:3)
  A moth of wrath (shapeshifter) (Vaults:1)
  40 slime creatures
  5 guardian serpents
  61 black mambas
  An apocalypse crab (Abyss:3)
  35 naga magi
  6 elephants
  3 ice statues (IceCv)
  10 vault sentinels
  An elf zombie (Depths:2)
  8 smoke demons
  6 centaur skeletons
  21 spiny frogs
  2 torpor snails (Lair:6)
  3 orange demons (Abyss:3)
  A rime drake (shapeshifter) (Depths:4)
  7 komodo dragons
  A kobold demonologist (D:12)
  2 tormentors
  84 yaktaurs
  4 rime drakes (Lair:6)
  9 freezing wraiths
  2 tengu conjurers
  10 ancient zymes (Abyss:3)
  4 ice devils
  An efreet (Abyss:3)
  2 red devils
  A silent spectre (Abyss:3)
  A queen bee (Lair:4)
  7 tyrant leeches
  5 hellwings
  A polar bear (Vaults:1)
  6 trolls
  6 meliai
  A blink frog (shapeshifter) (D:15)
  A hydra skeleton (Abyss:3)
  A polar bear (shapeshifter) (Vaults:1)
  Prince Ribbit (D:6)
  A jumping spider (Vaults:4)
  24 hornets
  8 blink frogs
  11 hippogriffs
  9 bog bodies
  12 raiju (Abyss:3)
  3 dream sheep (Lair:6)
  A shapeshifter (Vaults:2)
  A centaur simulacrum (D:13)
  3 redbacks
  4 shadows
  7 air elementals
  14 spriggans
  4 vampires (WizLab)
  6 ynoxinuls
  A basilisk (shapeshifter) (Depths:1)
  10 water elementals
  9 wraiths
  A spriggan (shapeshifter) (Depths:3)
  A tarantella (Vaults:4)
  A wyvern (D:8)
  The ghost of slacker the Chopper, an amateur MiBe of Trog (D:4)
  6 basilisks
  37 yaks
  4 fire elementals
  2 hogs (shapeshifter)
  5 chaos spawn
  3 hungry ghosts
  2 steam dragons (Lair:6)
  2 neqoxecs (Abyss:3)
  A human (shapeshifter) (Vaults:1)
  27 large abominations
  24 vampire mosquitoes
  Menkaure (D:4)
  8 wargs
  6 spatial vortices (Abyss:3)
  2 soldier ants
  61 nagas
  A swamp worm (shapeshifter) (Vaults:2)
  5 acid dragons
  16 swamp worms
  6 two-headed ogre zombies (WizLab)
  9 insubstantial wisps (Swamp:2)
  A hell hound (Depths:3)
  9 water moccasins
  21 porcupines
  14 swamp drakes
  49 orc warriors
  A slave (D:6)
  A black bear (D:10)
  2 floating eyes (Depths:2)
  2 eyes of draining
  2 sky beasts (shapeshifter)
  13 ice beasts
  3 sky beasts
  67 starcursed masses
  An ettin simulacrum (Abyss:2)
  A necrophage (D:12)
  14 boggarts
  7 wolves
  15 centaurs
  35 ogres
  18 small abominations
  A crocodile (shapeshifter) (Depths:2)
  8 crocodiles
  An earth elemental (Elf:3)
  A gnoll sergeant (D:9)
  26 bullfrogs
  2 scorpions (D:4)
  A wyvern skeleton (D:11)
  7 troll zombies (WizLab)
  21 wights
  22 killer bees (Lair:4)
  2 howler monkeys
  2 electric eels
  2 lava snakes (D:9)
  3 bullfrog zombies
  10 crimson imps
  6 quasits
  3 centaur zombies
  2 hounds
  22 orc wizards
  22 orc priests
  5 jellies
  3 bullfrog skeletons
  2 iron imps (Depths:4)
  6 iguanas
  7 hell rats (Lair:3)
  11 worker ants
  A killer bee zombie (D:7)
  6 ogre zombies (WizLab)
  3 hound zombies
  A hound skeleton (D:9)
  A worker ant zombie (D:9)
  4 gnolls (D:9)
  17 adders
  4 shadow imps
  3 white imps
  8 ufetubi
  An ooze (D:1)
  An adder zombie (D:9)
  An adder skeleton (D:5)
  2 worms
  4 dart slugs
  3 leopard geckos
  136 orcs
  A ball python (D:2)
  5 giant cockroaches
  12 goblins
  10 hobgoblins
  7 jackals (D:3)
  5 quokkas
  7 bats
  4 frilled lizards
  A giant cockroach zombie (D:5)
  A jackal skeleton (D:5)
  10 kobolds
  A leopard gecko skeleton (D:4)
  2 rats (D:2)
  6 briar patches (Swamp:2)
  3 fungi
  11 plants
  7 starspawn tentacles (Abyss:3)
2426 creatures vanquished.

Vanquished Creatures (collateral kills)
  2 deep elf sorcerers (Elf:3)
  A deep elf demonologist (Elf:3)
  A thrashing horror (Abyss:3)
  A wretched star (Abyss:3)
  2 hell knights (Abyss:3)
  2 ancient zymes (Abyss:3)
  3 raiju (Abyss:3)
  5 starcursed masses (Abyss:3)
  A neqoxec (Abyss:3)
  A large abomination (Abyss:3)
  2 small abominations (Abyss:3)
  A starspawn tentacle (Abyss:3)
22 creatures vanquished.

Vanquished Creatures (others)
  A mana viper (Snake:4)
  A hellwing (Abyss:3)
  A boggart (Depths:2)
  A quasit (Abyss:3)
  An orc priest (Depths:4)
  A hound (D:9)
  2 orc wizards
  An adder (D:9)
  2 orcs
  15 fungi
  A lurking horror (Abyss:3)
  27 plants
  12 starspawn tentacles (Abyss:3)
66 creatures vanquished.

Grand Total: 2514 creatures vanquished

Notes
Turn   | Place    | Note
-------+----------+-------------------------------------------
     0 | D:1      | slacker the Minotaur Berserker began the quest for the Orb.
     0 | D:1      | Reached XP level 1. HP: 19/19 MP: 0/0
    52 | D:1      | Reached skill level 4 in Axes
    96 | D:1      | Reached XP level 2. HP: 21/26 MP: 1/1
   605 | D:1      | Reached ** piety under Trog
   605 | D:1      | Reached skill level 5 in Axes
   606 | D:1      | Reached XP level 3. HP: 24/31 MP: 2/2
   945 | D:2      | Found a white marble altar of Elyvilon.
   957 | D:2      | Found a shattered altar of Ashenzari.
  1294 | D:2      | Reached XP level 4. HP: 39/39 MP: 3/3
  1323 | D:2      | Reached skill level 6 in Axes
  1922 | D:3      | Reached skill level 7 in Axes
  1922 | D:3      | Reached XP level 5. HP: 45/45 MP: 4/4
  2246 | D:3      | Reached *** piety under Trog
  2328 | D:3      | Found a stormy altar of Qazlal.
  2882 | D:4      | Reached skill level 8 in Axes
  2980 | D:4      | Reached XP level 6. HP: 51/51 MP: 5/5
  3053 | D:4      | Reached skill level 9 in Axes
  3138 | D:4      | Noticed slacker's ghost (amateur MiBe)
  3148 | D:4      | Killed slacker's ghost
  3148 | D:4      | Reached XP level 7. HP: 57/57 MP: 6/6
  3183 | D:4      | Reached skill level 10 in Axes
  3302 | D:4      | Noticed a hippogriff
  3322 | D:4      | Killed a hippogriff
  3598 | D:4      | Reached skill level 11 in Axes
  3650 | D:4      | Noticed Menkaure
  3662 | D:4      | Reached XP level 8. HP: 63/64 MP: 7/7
  3667 | D:4      | Killed Menkaure
  3677 | D:4      | Got an ancient leather armour
  3718 | D:4      | Identified the +1 leather armour of Goenloer {Dex+2 Slay+2 Stlth+} (You found it on level 4 of the Dungeon)
  3999 | D:5      | Entered Level 5 of the Dungeon
  4014 | D:5      | Reached skill level 12 in Axes
  4094 | D:5      | Found Aveng's Weapon Shop.
  4278 | D:5      | Found a snail-covered altar of Cheibriados.
  4520 | D:5      | Found an ancient bone altar of Kikubaaqudgha.
  4523 | D:5      | Reached **** piety under Trog
  4527 | D:5      | Found a bloodstained altar of Trog.
  4532 | D:5      | Found a sacrificial altar of Ru.
  4666 | D:5      | Found a staircase to the Ecumenical Temple.
  4672 | Temple   | Entered the Ecumenical Temple
  4958 | D:6      | Reached skill level 13 in Axes
  4996 | D:6      | Noticed Prince Ribbit
  5015 | D:6      | Killed Prince Ribbit
  5015 | D:6      | Reached XP level 9. HP: 51/70 MP: 8/8
  5125 | D:6      | Reached skill level 14 in Axes
  5135 | D:6      | Noticed Pikel
  5151 | D:6      | Killed Pikel
  5164 | D:6      | Found Qeis's Magic Scroll Boutique.
  5238 | D:6      | Bought a scroll of noise for 11 gold pieces
  5238 | D:6      | Bought a scroll of teleportation for 33 gold pieces
  5422 | D:7      | Reached skill level 15 in Axes
  5456 | D:7      | Found a basalt altar of Yredelemnul.
  5507 | D:7      | Found a sparkling altar of Nemelex Xobeh.
  5514 | D:7      | Got a flickering pewter ring
  5516 | D:7      | Identified the ring of Dyahoyna {MR+ AC+3 Dex+6} (You found it on level 7 of the Dungeon)
  5586 | D:7      | Noticed Shiggs's ghost (novice FoFi)
  5598 | D:7      | Killed Shiggs's ghost
  5598 | D:7      | Reached skill level 16 in Axes
  5623 | D:7      | Found Qaaveifu's Assorted Antiques.
  5631 | D:7      | Bought a glittering amber ring for 160 gold pieces
  5632 | D:7      | Identified the ring "Vosesukk" {MR+ MP+9 Str+4} (You bought it in a shop on level 7 of the Dungeon)
  5984 | D:7      | Found a bloodstained altar of Trog.
  6100 | D:8      | Reached XP level 10. HP: 78/78 MP: 9/9
  6250 | D:8      | Found a radiant altar of Vehumet.
  6440 | D:8      | Noticed a two-headed ogre
  6479 | D:8      | Killed a two-headed ogre
  6479 | D:8      | Reached skill level 5 in Fighting
  6740 | D:8      | Noticed Gastronok
  6751 | D:8      | Killed Gastronok
  6751 | D:8      | Reached skill level 5 in Dodging
  6812 | D:8      | Noticed Erica
  6820 | D:8      | Killed Erica
  6902 | D:8      | Noticed an angel
  6903 | D:8      | Found a shimmering altar of Xom.
  6905 | D:8      | Found a glowing silver altar of Zin.
  6924 | D:8      | Reached XP level 11. HP: 92/92 MP: 10/10
  7377 | D:9      | Noticed a death knight
  7483 | D:9      | Found a roughly hewn altar of Beogh.
  7483 | D:9      | Found a staircase to the Orcish Mines.
  7683 | D:9      | Reached ***** piety under Trog
  7698 | D:9      | Killed a death knight
  8417 | D:10     | Entered Level 10 of the Dungeon
  8498 | D:10     | Found a staircase to the Lair.
  8949 | Lair:1   | Entered Level 1 of the Lair of Beasts
  9322 | Lair:1   | Noticed Sonja
  9352 | Lair:1   | Noticed a six-headed hydra
  9360 | Lair:1   | Killed an eight-headed hydra
  9360 | Lair:1   | Reached skill level 10 in Fighting
  9948 | Lair:1   | Reached XP level 12. HP: 101/106 MP: 11/11
  9991 | Lair:1   | Reached skill level 10 in Armour
 10032 | Lair:1   | Noticed Fannar
 10047 | Lair:1   | Killed Fannar
 10187 | Lair:1   | Noticed a six-headed hydra
 10196 | Lair:1   | Killed a ten-headed hydra
 10350 | Lair:1   | Killed Sonja
 10413 | Lair:1   | Received a gift from Trog
 10499 | Lair:2   | Found a staircase to the Snake Pit.
 10851 | Lair:2   | Got a steaming ring mail
 10862 | Lair:2   | Identified the cursed +0 ring mail of Pandemonium {Int+6} (You found it on level 2 of the Lair of Beasts)
 11208 | Lair:3   | Reached skill level 10 in Dodging
 11236 | Lair:3   | Reached skill level 1 in Evocations
 11295 | Lair:3   | Noticed an eight-headed hydra
 11307 | Lair:3   | Killed a 14-headed hydra
 11396 | Lair:3   | Noticed Urug
 11409 | Lair:3   | Killed Urug
 11446 | Lair:3   | Reached skill level 5 in Evocations
 11953 | Lair:4   | Found a staircase to the Swamp.
 12367 | Lair:4   | Reached XP level 13. HP: 111/116 MP: 16/16
 12398 | Lair:4   | Received a gift from Trog
 13025 | Lair:5   | Noticed Rupert
 13041 | Lair:5   | Killed Rupert
 13111 | Lair:5   | Got a twisted chain mail
 13122 | Lair:5   | Identified the +1 chain mail of Temperance {rElec rCorr Str-4 Slay-6} (You found it on level 5 of the Lair of Beasts)
 13489 | Lair:6   | Entered Level 6 of the Lair of Beasts
 13664 | Lair:6   | Found a viscous altar of Jiyva.
 13665 | Lair:6   | Found a staircase to the Slime Pits.
 13780 | Lair:6   | Reached skill level 10 in Evocations
 13830 | Lair:6   | HP: 1/116 [death yak (17)]
 13943 | Lair:6   | Reached skill level 17 in Axes
 14128 | Lair:6   | Noticed a fire dragon
 14140 | Lair:6   | Killed a fire dragon
 14739 | Lair:6   | Reached XP level 14. HP: 124/124 MP: 20/20
 14807 | Lair:6   | Reached skill level 18 in Axes
 14909 | Lair:6   | Received a gift from Trog
 15274 | Orc:1    | Entered Level 1 of the Orcish Mines
 15290 | Orc:1    | Noticed Harold
 15297 | Orc:1    | Killed Harold
 15505 | Orc:2    | Entered Level 2 of the Orcish Mines
 15585 | Orc:2    | Noticed a stone giant
 15593 | Orc:2    | Killed a stone giant
 15628 | Orc:2    | Found Nisuc's Jewellery Shoppe.
 15675 | Orc:2    | Found a staircase to the Elven Halls.
 15747 | Orc:2    | Reached skill level 19 in Axes
 15761 | Orc:2    | Found Nocre's Antique Armour Shoppe.
 15833 | Orc:2    | Found Vyehesim's Antique Armour Shoppe.
 15950 | Orc:2    | Noticed an orc warlord
 15952 | Orc:2    | Found Zuemah's Antique Weapon Shop.
 15964 | Orc:2    | Killed an orc warlord
 16252 | Orc:2    | Found Nagos's General Store.
 16269 | Orc:2    | Received a gift from Trog
 16978 | D:11     | Got a pair of distressingly furry boots
 16984 | D:11     | Identified the cursed -1 pair of boots "Wiumarap" {rC+ SInv} (You found it on level 11 of the Dungeon)
 17278 | D:11     | Found a frozen archway.
 17290 | D:11     | Reached skill level 20 in Axes
 17297 | IceCv    | Entered an ice cave
 18014 | IceCv    | Got distressingly furry ice dragon scales
 18059 | IceCv    | Identified the cursed +1 ice dragon scales of Simoamal {rF- rC++ Int+3 Dex+3} (You found it in an ice cave)
 18690 | D:12     | Found a shadowy altar of Dithmenos.
 18736 | D:12     | Noticed bli's ghost (novice FoAK)
 18742 | D:12     | Killed bli's ghost
 19070 | D:12     | Received a gift from Trog
 19152 | D:12     | Reached skill level 21 in Axes
 19329 | D:13     | Reached XP level 15. HP: 129/129 MP: 10/21
 19691 | D:13     | Found a gate to the Vaults.
 21055 | D:15     | Entered Level 15 of the Dungeon
 21258 | D:15     | Reached skill level 22 in Axes
 22082 | D:15     | Noticed Josephine
 22094 | D:15     | Killed Josephine
 22098 | D:15     | Received a gift from Trog
 22449 | D:15     | Found a deep blue altar of Sif Muna.
 22616 | D:15     | Found a staircase to the Depths.
 22626 | D:15     | Reached skill level 23 in Axes
 22856 | D:15     | Got a bloodstained trident
 22857 | D:15     | Identified the +1 trident of Might {antimagic, Int+5} (You found it on level 15 of the Dungeon)
 23146 | Swamp:1  | Entered Level 1 of the Swamp
 24073 | Swamp:2  | Reached XP level 16. HP: 126/136 MP: 22/22
 24260 | Swamp:2  | Noticed a thorn hunter
 24277 | Swamp:2  | Killed a thorn hunter
 24277 | Swamp:2  | Reached skill level 24 in Axes
 24735 | Swamp:2  | Reached ****** piety under Trog
 24739 | Swamp:2  | Received a gift from Trog
 25994 | Swamp:4  | Entered Level 4 of the Swamp
 26271 | Swamp:4  | Reached skill level 25 in Axes
 27203 | Swamp:4  | Noticed a thorn hunter
 27209 | Swamp:4  | Killed a thorn hunter
 28019 | Swamp:4  | Paralysed by a hornet for 3 turns
 28136 | Swamp:4  | Got a decaying rune of Zot
 28449 | Snake:1  | Entered Level 1 of the Snake Pit
 28470 | Snake:1  | Received a gift from Trog
 28470 | Snake:1  | Reached skill level 26 in Axes
 28755 | Snake:1  | Reached XP level 17. HP: 52/144 MP: 23/23
 29972 | Snake:1  | Found Wuniezeh's Jewellery Shoppe.
 29972 | Snake:1  | Found Efoculon's Gadget Boutique.
 29973 | Snake:1  | Found Sostayqu's Gadget Boutique.
 31345 | Snake:2  | Reached skill level 27 in Axes
 31771 | Snake:2  | Received a gift from Trog
 31793 | Snake:2  | Reached skill level 1 in Spellcasting
 32657 | Snake:3  | Noticed Asterion
 32670 | Snake:3  | Killed Asterion
 34451 | Snake:3  | Reached XP level 18. HP: 14/156 MP: 24/24
 34894 | Snake:3  | Got an iridescent morningstar
 35563 | Snake:3  | Identified the +9 morningstar of Neurosis {pain, rPois} (You found it on level 3 of the Snake Pit)
 35680 | Snake:4  | Entered Level 4 of the Snake Pit
 35816 | Snake:4  | Received a gift from Trog
 36277 | Snake:4  | Got a jewelled scale mail
 36288 | Snake:4  | Identified the +6 scale mail "Ynano" {Dex+2} (You found it on level 4 of the Snake Pit)
 37480 | Snake:4  | Received a gift from Trog
 38418 | Snake:4  | Got a serpentine rune of Zot
 38973 | Elf:1    | Entered Level 1 of the Elven Halls
 38998 | Elf:1    | Received a gift from Trog
 39003 | Elf:1    | Got a scorched executioner's axe {god gift}
 39004 | Elf:1    | Identified the +2 executioner's axe of Monotheism {flame, *Noise rC++ Int+2} (Trog gifted it to you on level 1 of the Elven Halls)
 39398 | Elf:1    | Found Guj Bacu's Weapon Emporium.
 39443 | Elf:1    | Reached XP level 19. HP: 168/169 MP: 25/25
 39645 | Elf:1    | Reached skill level 15 in Fighting
 40228 | Elf:2    | Received a gift from Trog
 40409 | Elf:2    | Found Qotysch's Distillery.
 40541 | Elf:2    | Found a runed gate.
 40541 | Elf:2    | Found a runed gate.
 40544 | Elf:2    | Found a runed gate.
 40565 | Elf:2    | Reached skill level 15 in Armour
 41114 | Elf:2    | Noticed Agnes
 41121 | Elf:2    | Killed Agnes
 41393 | Elf:2    | Received a gift from Trog
 42265 | Vaults:1 | Entered Level 1 of the Vaults
 42575 | Vaults:1 | Received a gift from Trog
 42927 | Vaults:1 | Found Fazuv's Magic Scroll Emporium.
 42955 | Vaults:1 | Bought a scroll of summoning for 199 gold pieces
 42955 | Vaults:1 | Bought a scroll of blinking for 157 gold pieces
 42955 | Vaults:1 | Bought a scroll of teleportation for 63 gold pieces
 43153 | Vaults:1 | Reached skill level 15 in Dodging
 43425 | Vaults:1 | Identified a +2 pair of boots of running (You found it on level 1 of the Vaults)
 43601 | Vaults:1 | Reached XP level 20. HP: 141/182 MP: 26/26
 43617 | Vaults:1 | Received a gift from Trog
 44957 | Vaults:1 | Got a crude bronze ring
 44968 | Vaults:1 | Identified the ring of Hesintanoa {rElec rN+++ MR- Str+2 SInv} (You took it off a vault sentinel on level 1 of the Vaults)
 45218 | Vaults:2 | Noticed Mennas
 45245 | Vaults:2 | Killed Mennas
 46184 | Vaults:2 | Received a gift from Trog
 47110 | Vaults:3 | Received a gift from Trog
 47454 | Vaults:3 | Received a gift from Trog
 47815 | Vaults:3 | Found Ziulum's Assorted Antiques.
 47927 | Vaults:3 | Found a staircase to the Crypt.
 47927 | Vaults:3 | Found an ancient bone altar of Kikubaaqudgha.
 47928 | Vaults:3 | Found a basalt altar of Yredelemnul.
 47932 | Vaults:3 | Reached XP level 21. HP: 194/194 MP: 27/27
 48790 | Vaults:4 | Received a gift from Trog
 48992 | Vaults:4 | Found Qeskufoige's Distillery.
 49001 | Vaults:4 | Bought a potion of heal wounds for 75 gold pieces
 49001 | Vaults:4 | Bought a potion of resistance for 150 gold pieces
 49716 | Vaults:4 | Received a gift from Trog
 50782 | Orc:2    | Bought a crystal plate armour for 2000 gold pieces
 50872 | Elf:3    | Entered Level 3 of the Elven Halls
 51025 | Elf:3    | Found a gateway to a bazaar.
 51437 | Depths:1 | Entered Level 1 of the Depths
 51459 | Depths:1 | Received a gift from Trog
 51555 | Depths:1 | Reached XP level 22. HP: 207/207 MP: 28/28
 51571 | Depths:1 | Found a gateway to Hell.
 51645 | Depths:1 | Found a gateway to a ziggurat.
 51669 | Depths:1 | Noticed Monsterracer's ghost (veteran BaFi)
 51684 | Depths:1 | Killed Monsterracer's ghost
 51718 | Depths:1 | Found a magical portal.
 51806 | WizLab   | Entered Zonguldrok's Shrine
 52129 | WizLab   | Noticed an antique lich
 52142 | WizLab   | Killed an antique lich
 52142 | WizLab   | Received a gift from Trog
 52145 | WizLab   | Got a crystal spear {god gift}
 52257 | WizLab   | Identified the Papyrus of Dark Magic
 52285 | WizLab   | Identified the +2 spear "Jufrol" {drain, Int+7} (Trog gifted it to you in a wizard's laboratory)
 53062 | Depths:2 | Noticed Bai Suzhen
 53073 | Depths:2 | Killed Bai Suzhen
 53073 | Depths:2 | Received a gift from Trog
 53085 | Depths:2 | Paralysed by a floating eye for 2 turns
 53307 | Depths:2 | Found a one-way gate to the infinite horrors of the Abyss.
 54049 | Depths:2 | Received a gift from Trog
 54057 | Depths:2 | Identified the +12 battleaxe "Demonslayer" {freeze, *Drain rElec Int+6 Stlth+} (Trog gifted it to you on level 2 of the Depths)
 54433 | Depths:2 | Noticed a golden dragon
 54440 | Depths:2 | Killed a golden dragon
 54440 | Depths:2 | Reached XP level 23. HP: 220/220 MP: 29/29
 54471 | Depths:2 | Paralysed by a floating eye for 3 turns
 55378 | Depths:2 | Found Tavea's Food Shop.
 55454 | Depths:2 | Received a gift from Trog
 56013 | Depths:3 | Received a gift from Trog
 56112 | Depths:3 | Identified Cece's Almanac of the Escort and Enhancements
 56250 | Depths:3 | Found a gateway to a bazaar.
 56270 | Bazaar   | Entered a bazaar
 56274 | Bazaar   | Found Yheomil's Jewellery Boutique.
 56292 | Bazaar   | Found Meir's Food Emporium.
 56309 | Bazaar   | Found Ucviesm's Book Boutique.
 56326 | Bazaar   | Found Cenean's Antique Weapon Shoppe.
 56645 | Depths:3 | Found a one-way gate leading to the halls of Pandemonium.
 56772 | Depths:3 | Received a gift from Trog
 57173 | Depths:4 | Noticed Saint Roka
 57173 | Depths:4 | Noticed Boris
 57183 | Depths:4 | Killed Saint Roka
 57191 | Depths:4 | Killed Boris
 57430 | Depths:4 | Received a gift from Trog
 57820 | Depths:4 | Reached XP level 24. HP: 207/233 MP: 29/29
 57834 | Depths:4 | Got a wavering emerald amulet
 57838 | Depths:4 | Identified the amulet "Hadutz" {Inacc -Tele MR- Int+8} (You found it on level 4 of the Depths)
 57972 | Depths:4 | Received a gift from Trog
 57975 | Depths:4 | Got a steaming battleaxe {god gift}
 58140 | Depths:4 | Identified the +6 battleaxe of Judgement {chop, rPois MR++} (Trog gifted it to you on level 4 of the Depths)
 58588 | Depths:5 | Entered Level 5 of the Depths
 58595 | Depths:5 | Noticed Jorgrun
 58604 | Depths:5 | Killed Jorgrun
 58783 | Depths:5 | Received a gift from Trog
 59533 | Depths:5 | Found a gate to the Realm of Zot.
 59646 | Depths:5 | Found Tystrya's Distillery.
 60314 | Bazaar   | Entered a bazaar
 60314 | Bazaar   | Found Sulot's General Store.
 60319 | Bazaar   | Found Vema's Weapon Boutique.
 60323 | Bazaar   | Found Ymekater's Book Emporium.
 60347 | Bazaar   | Found Caukk's Distillery.
 60359 | Bazaar   | Found Sanyfur's Magic Scroll Shop.
 60394 | Bazaar   | Bought the cursed necklace of Bloodlust {*Rage +Rage MR++ Int-3 Slay+6 *Curse} for 968 gold pieces
 60424 | Bazaar   | Bought a scroll of acquirement for 728 gold pieces
 60466 | Bazaar   | Got a bound iron ring
 60468 | Bazaar   | Identified the ring of Okoso {rCorr Str+5 Dex+4 Stlth-} (You acquired it in a bazaar)
 61076 | Elf:3    | Received a gift from Trog
 61733 | Elf:3    | Identified the cursed +0 chain mail of the Sturgeon {rF+} (You found it on level 3 of the Elven Halls)
 62307 | Depths:2 | Voluntarily entered the Abyss.
 62708 | Abyss:3  | Gained mutation: Potions are less effective at restoring your health. [a shining eye]
 62736 | Abyss:3  | Paralysed by accursed screaming for 1 turns
 62741 | Abyss:3  | Received a gift from Trog
 62756 | Abyss:3  | Got a bloodstained battleaxe {god gift}
 62777 | Abyss:3  | Reached XP level 25. HP: 244/244 MP: 29/29
 62844 | Abyss:3  | Got a twitching pewter ring
 62845 | Abyss:3  | Identified the ring of Bimpuq {EV+2 Int+5} (You found it on level 3 of the Abyss)
 63022 | Abyss:3  | Paralysed by accursed screaming for 1 turns
 63387 | Abyss:3  | Lost intelligence.
 63518 | Abyss:3  | Received a gift from Trog
 63534 | Abyss:3  | Gained mutation: You tend to lose your temper in combat. [a neqoxec]
 63839 | Abyss:3  | Gained mutation: Your magical capacity is low. (-10% MP) [a neqoxec]
 63840 | Abyss:3  | Lost intelligence.
 63847 | Abyss:3  | Paralysed by you for 3 turns
 63918 | Abyss:3  | Lost mutation: You tend to lose your temper in combat. [potion of mutation]
 63918 | Abyss:3  | Lost mutation: Your magical capacity is extremely low. (-30% MP) [potion of mutation]
 63918 | Abyss:3  | Gained mutation: Your system is resistant to poisons. (rPois) [potion of mutation]
 63925 | Abyss:3  | Received a gift from Trog
 64160 | Abyss:3  | Found a basalt altar of Yredelemnul.
 64173 | Abyss:3  | Paralysed by accursed screaming for 2 turns
 64183 | Abyss:3  | HP: 10/222 [starcursed mass/accursed screaming (7)]
 64260 | Abyss:3  | Received a gift from Trog
 64263 | Abyss:3  | HP: 5/247 [starcursed mass/accursed screaming (9)]
 64267 | Abyss:3  | Killed from afar by a starcursed mass

Skill      XL: |  1  2  3  4  5  6  7  8  9 10 11 12 13 14 15 16 17 18 19 20 21 22 23 24 25 |
---------------+----------------------------------------------------------------------------+-----
Axes           | 4 5 7 8 9 11 13 16 17 21 23 26 27 | 27.0
Armour         | 3 6 9 11 12 14 16 18 19 21 22 23 24 | 24.5
Fighting       | 7 10 11 12 14 16 18 19 21 22 23 24 | 24.6
Dodging        | 6 8 10 11 13 15 16 18 19 20 22 | 22.7
Evocations     | 6 10 | 10.0
Spellcasting   | 1 |  1.3

Action                   |  1- 3 |  4- 6 |  7- 9 | 10-12 | 13-15 | 16-18 | 19-21 | 22-24 | 25-27 || total
-------------------------+-------+-------+-------+-------+-------+-------+-------+-------+-------++-------
Melee: Hand axe          |    91 |   141 |   202 |   111 |       |       |       |       |       ||   545
       Headbutt          |    11 |    23 |    56 |   175 |   306 |   265 |   276 |   373 |    88 ||  1573
       War axe           |       |       |       |   378 |   235 |       |       |       |       ||   613
       Battleaxe         |       |       |       |       |   513 |    15 |       |       |       ||   528
       Broad axe         |       |       |       |       |    39 |       |       |       |       ||    39
       Executioner's axe |       |       |       |       |    96 |   962 |   869 |  1084 |   283 ||  3294
Invok: Berserk           |       |     2 |     7 |    15 |    28 |    14 |    17 |    11 |     2 ||    96
       Trog's Hand       |       |     1 |     2 |    13 |    26 |    23 |    23 |    18 |    12 ||   118
       Burn Spellbooks   |       |       |     2 |       |     4 |     1 |     3 |     8 |       ||    18
       Brothers in Arms  |       |       |       |       |       |       |       |     1 |     3 ||     4
Evoke: Wand              |       |       |       |     3 |       |       |     3 |     1 |       ||     7
  Use: Scroll            |       |     6 |     2 |    10 |    21 |     8 |    17 |    20 |     2 ||    86
       Potion            |       |       |     2 |     4 |     6 |     8 |    11 |       |     6 ||    37
 Stab: Sleeping          |       |       |     2 |     7 |       |       |       |       |       ||     9
       Invisible         |       |       |       |     1 |       |     6 |     4 |       |       ||    11
       Distracted        |       |       |       |     1 |       |       |     2 |       |       ||     3
       Confused          |       |       |       |       |     1 |     2 |       |       |       ||     3
  Eat: Chunk             |     1 |     7 |     7 |     9 |    45 |    11 |    14 |     9 |     2 ||   105
       Royal jelly       |       |       |     1 |     2 |     3 |     9 |     6 |     5 |     2 ||    28
       Bread ration      |       |       |     1 |     4 |     2 |     3 |     4 |     2 |     3 ||    19
       Meat ration       |       |       |     1 |     3 |     3 |     5 |     3 |     5 |       ||    20
       Fruit             |       |       |       |       |     3 |     3 |     3 |     6 |     1 ||    16
Armor: Animal skin       |    19 |       |       |       |       |       |       |       |       ||    19
       Chain mail        |    13 |    64 |    31 |       |       |       |       |       |       ||   108
       Leather armour    |       |       |    27 |    62 |       |       |       |       |       ||    89
       Plate armour      |       |       |       |    73 |   398 |   378 |       |       |       ||   849
       Scale mail        |       |       |       |       |       |    97 |   234 |       |       ||   331
       Crystal plate arm |       |       |       |       |       |       |    19 |   457 |       ||   476
       Gold dragon scale |       |       |       |       |       |       |       |    60 |   129 ||   189
Dodge: Dodged            |    54 |    58 |    92 |   335 |   615 |   762 |   789 |   862 |   370 ||  3937
